 Dungeon Crawl Stone Soup version 0.16.1-11-g651b585 (webtiles) character file.

1662387 SosiskaBagetyon the Acrobat (level 27, 112/182 (186) HPs)
             Began as a Kobold Berserker on Apr 5, 2015.
             Was a High Priest of Trog.
             Escaped with the Orb
             ... and 3 runes on Apr 7, 2015!
             The game lasted 09:52:19 (69015 turns).

SosiskaBagetyon the Acrobat (Kobold Berserker)     Turns: 69015, Time: 09:52:19

HP:   112/182 (186) AC: 33    Str: 22    XL:     27
MP:   18/36         EV: 32    Int:  4    God:    Trog [*****.]
Gold: 3656          SH: 14    Dex: 28    Spells: 0 memorised, 26 levels left

rFire  + . .     SeeInvis .     V - +9 quick blade (vamp)
rCold  + . .     Rnd*Rage +     X - +6 plate armour "Ysuff" {+Fly Regen+ rCorr Dex+4}
rNeg   . . .     SustAb   .     Q - +3 buckler {AC+3}
rPois  +         Gourm    .     Z - +2 hat {Spirit}
rElec  +         Spirit   +     U - +2 cloak
rCorr  +         Warding  .     (no gloves)
rMut   .         Stasis   .     (no boots)
MR     ++...                    (no amulet)
Stlth  ..........               v - ring "Clius" {rC+ Dex+3 Stlth-}
                                a - +4 ring of slaying

@: very slightly contaminated, hasted, very quick, very resistant to hostile
enchantments, extremely unstealthy
A: horns 1, slimy green scales 1, thin metallic scales 1, yellow scales 1,
berserk 1, carnivore 3, deformed body, dopey 1, fire resistance 1, low mp 1,
mutation resistance 1, poison resistance, screaming 1, electricity resistance
a: Burn Spellbooks, Berserk, Trog's Hand, Brothers in Arms, Renounce Religion,
Evoke Flight
0: Orb of Zot
}: 3/15 runes: barnacled, abyssal, gossamer


You escaped.
You worshipped Trog.
Trog was extremely pleased with you.
You were not hungry.

You visited 10 branches of the dungeon, and saw 54 of its levels.
You visited the Abyss 1 time.
You also visited: Labyrinth and Ice Cave.

You collected 6789 gold pieces.
You spent 3020 gold pieces at shops.

Inventory:

Hand weapons
 V - a +9 vampiric quick blade (weapon)
Armour
 K - a +0 buckler of positive energy
 Q - a +3 buckler of protection (worn)
 U - a +2 cloak (worn)
 X - the +6 plate armour "Ysuff" (worn) {+Fly Regen+ rCorr Dex+4}
   (You found it on level 3 of the Vaults)

   It affects your dexterity (+4).
   It lets you fly.
   It increases your rate of regeneration.
   It protects you from acid and corrosion.
 Z - a +2 hat of spirit shield (worn)
Jewellery
 a - a +4 ring of slaying (left hand)
 e - an uncursed ring of invisibility
 v - the ring "Clius" (right hand) {rC+ Dex+3 Stlth-}
   (You found it on level 2 of the Shoals)

   [ring of loudness]

   It affects your dexterity (+3).
   It protects you from cold.
   It makes you less stealthy.
 G - an uncursed ring of see invisible
 H - the amulet of Vitality {Regen+ HP+15}
   (You found it on level 1 of the Lair of Beasts)

   [amulet of regeneration]

   It affects your health (+15).
   It increases your rate of regeneration.
 L - an uncursed amulet of stasis
Magical devices
 k - a wand of frost (31)
 o - a wand of heal wounds (5)
 M - a wand of disintegration (4)
 T - a wand of digging (6)
Scrolls
 b - 5 scrolls of fear
 f - 31 scrolls of remove curse
 l - 5 scrolls of recharging
 m - 11 scrolls of teleportation
 s - 4 scrolls of enchant weapon
 t - 4 scrolls of blinking
 u - 7 scrolls of magic mapping
 x - 3 scrolls of enchant armour
 y - a scroll of holy word
 J - 21 scrolls of identify
 R - 2 scrolls of brand weapon
 S - 4 scrolls of fog
 W - 5 scrolls of summoning
Potions
 g - 2 potions of haste
 h - 24 potions of curing
 q - 3 potions of flight
 r - 4 potions of cancellation
 w - 5 potions of might
 z - 5 potions of agility
 A - a potion of brilliance
 D - 4 potions of restore abilities
 E - 3 potions of resistance
 N - 3 potions of cure mutation
 Y - 9 potions of heal wounds
Miscellaneous
 i - a phantom mirror
 n - a legendary deck of defence {drawn: 4}
 F - a sack of spiders {used: 4}
 O - a legendary deck of changes {drawn: 3}
 P - a lamp of fire
Comestibles
 c - 24 meat rations
 d - 24 beef jerkies
 j - a slice of pizza
 C - a royal jelly


   Skills:
 * Level 22.9 Fighting
 + Level 22.9 Short Blades
 + Level 17.2 Armour
 - Level 23.6 Dodging
 + Level 16.5 Shields
 + Level 19.1 Evocations


You had 26 spell levels left.
You didn't know any spells.

Dungeon Overview and Level Annotations

Branches:
Dungeon (15/15)            Temple (1/1) D:5            Lair (7/8) D:8
 Shoals (5/5) Lair:4       Spider (5/5) Lair:6        Slime (0/6) Lair:7
    Orc (4/4) D:9             Elf (3/3) Orc:4        Vaults (4/5) D:13
  Crypt (0/3) Vaults:2     Depths (5/5) D:15            Zot (5/5) Depths:5

Altars:
Dithmenos
Elyvilon
Gozag
Kikubaaqudgha
Nemelex Xobeh
Qazlal
Ru
Trog
Xom
Yredelemnul
Zin
Beogh

Shops:
D:4 [   D:12 *   Orc:2 (%([%   Orc:4 =[[(   Elf:1 *   Elf:2 (   Shoals:3 (
Vaults:2 !   Vaults:4 *

Portals:
Hell: Depths:1 Depths:2 Depths:3 Depths:4 Depths:5
Abyss: Depths:3 Depths:4
Pandemonium: Depths:2 Depths:3 Depths:4 Depths:5
Ziggurat: Depths:2

Annotations:
D:14 exclusion: Roxanne, Roxanne


Innate Abilities, Weirdness & Mutations

You are small and have problems with some larger weapons.
You are carnivorous and can eat meat at any time.
You have a pair of small horns on your head.
You are partially covered in slimy green scales (AC +2).
You are partially covered in thin metallic scales (AC +2).
You are partially covered in yellow scales (AC +2).
You tend to lose your temper in combat.
Armour fits poorly on your strangely shaped body.
You are dopey. (Int -2)
Your flesh is heat resistant.
Your magical capacity is low (-10% MP).
You are somewhat resistant to further mutation.
Your system is resistant to poisons.
You occasionally shout uncontrollably at your foes.
You are resistant to electric shocks.


Message History

You are encased in ice.
Evoke which item? (* to show all) (? for menu, Esc to quit)
Zapping:
o - a wand of heal wounds (6)
Press: ? - help, Shift-Dir - straight line, f - you You feel much better.
This wand has 5 charges left.
You are engulfed in freezing vapours.
You resist.
You are engulfed in freezing vapours.
You resist.
You are engulfed in freezing vapours.
You resist.
You are engulfed in freezing vapours.
You resist. The ice encasing you melts away.
Bemigeat is engulfed in freezing vapours.
Bemigeat hits you.
Bemigeat gestures wildly while chanting.
There is a staircase leading out of the dungeon here.
Unknown command.
Press: ? - help, v - describe, . - travel
Here: Bemigeat The floor.
Unknown command.
You have escaped!

........#'......####......'#####.
........#........##........#.....
........#...##...##...##...#.####
........#..####..##..####..#.####
........#..####..##..####..#.....
........#...##...##...##...######
........#..................#
........##................##
........#######.@##..######
.##############4&##..###### .#
##..........4.....## .#
######..........§.......#
.###...##...##...##.§.##§.§#
.......##..####..##§§####§§#
....>..##..####..##§§####§§#
.......##...##...##§§§##§§§#
#......##........##§§§8..§§#


You could see Bemigeat and a rust devil.

Vanquished Creatures
  5 orbs of fire
  3 ancient liches (Zot:5)
  Boris (Depths:3)
  Norris (Shoals:4)
  Saint Roka (Orc:4)
  5 caustic shrikes
  A curse toe (Zot:5)
  2 Killer Klowns
  6 golden dragons
  3 bone dragons
  Arachne (Spider:5)
  2 electric golems
  13 tentacled monstrosities
  17 Orb Guardians
  A titan (Depths:3)
  A deep elf blademaster (Elf:2)
  Polyphemus (Shoals:4)
  2 quicksilver dragons (Depths:2)
  6 tentacled starspawn (Abyss:4)
  2 Executioners (Abyss:4)
  5 tengu reavers
  An octopode crusher (Depths:1)
  Agnes (Depths:2)
  5 sphinxes
  4 shadow dragons
  Frances (Spider:4)
  15 storm dragons
  7 draconian monks
  16 fire giants
  Ilsuiw (Shoals:5)
  Wiglaf (Depths:2)
  9 frost giants
  Maud (D:14)
  A cacodemon (Depths:4)
  5 draconian scorchers
  4 iron dragons
  Louise (Spider:5)
  11 emperor scorpions
  8 ghost moths
  13 vault wardens
  5 draconian zealots
  A balrug (Depths:1)
  4 draconian annihilators
  22 very ugly things
  Jorgrun (Shoals:4)
  2 spriggan defenders
  7 draconian shifters
  A reaper (Abyss:4)
  3 draconian callers
  11 ironheart preservers
  6 grey draconians
  2 green draconians
  17 stone giants
  2 deep elf demonologists
  10 red draconians
  2 vampire knights
  3 yellow draconians
  A deep elf annihilator (Depths:4)
  4 black draconians
  A dire elephant (Depths:4)
  4 white draconians
  3 pale draconians
  3 purple draconians
  2 blizzard demons (IceCv)
  2 merfolk javelineers
  A green death (Abyss:3)
  7 ettins
  7 vault guards
  3 minotaurs
  12 merfolk impalers
  22 fire dragons
  A minotaur (shapeshifter) (Depths:2)
  15 ogre magi
  11 yaktaur captains
  10 great orbs of eyes
  3 deep elf high priests
  The ghost of SaintRoka the Cruncher, a powerful VSMo of the Shining One (IceCv)
  Fannar (Elf:1)
  9 ice dragons
  8 rakshasas
  2 catoblepae
  11 centaur warriors
  Nessos (Orc:3)
  6 hydras
  3 spriggan air magi
  2 death cobs
  A merfolk avatar (Shoals:3)
  3 satyrs
  12 dancing weapons (Elf:2)
  6 merfolk aquamancers
  An alligator snapping turtle (Shoals:5)
  8 death yaks
  A vampire mage (Depths:2)
  23 thrashing horrors
  9 deep troll earth magi
  9 deep troll shamans
  7 spriggan berserkers
  5 tengu warriors
  An orc high priest (Elf:2)
  The ghost of arnash the Cleaver, an experienced HOFi (D:9)
  Nergalle (Lair:2)
  7 spriggans
  3 skeletal warriors (Vaults:1)
  17 deep elf knights
  2 soul eaters (Orc:4)
  3 sun demons
  A hell knight (Depths:2)
  4 wretched stars (Abyss:4)
  The ghost of hornqvist the Basher, an experienced NaBe of Trog (D:6)
  2 titan skeletons
  14 unseen horrors
  11 sea snakes
  3 fire crabs
  2 iron trolls (Depths:5)
  4 spatial maelstroms
  3 death drakes
  6 ice devils
  A swamp dragon (Lair:6)
  21 deep trolls
  4 flayed ghosts
  A giant orange brain (Vaults:2)
  9 deep elf summoners
  2 ice statues
  A putrid demonspawn (Depths:4)
  11 ironbrand convokers
  A lindwurm (Zot:5)
  10 harpies
  29 ugly things
  14 griffons
  A shadow dragon zombie (Depths:5)
  9 hill giants
  23 large abominations
  5 cyclopes
  14 deep elf conjurers
  15 orc knights
  3 phantasmal warriors
  A sphinx zombie (Depths:3)
  13 orc sorcerers
  30 wolf spiders
  An orb spider (shapeshifter) (Depths:4)
  2 cyclopes (shapeshifter)
  5 worldbinders
  A mana viper (shapeshifter) (Depths:2)
  13 orb spiders
  3 necromancers
  4 water nymphs
  8 fauns
  9 sirens
  24 small abominations
  A drowned soul (Shoals:3)
  An elephant (shapeshifter) (Vaults:2)
  8 hornets
  10 manticores
  A dire elephant zombie (Abyss:3)
  A centaur zombie (D:11)
  A fire giant skeleton (Depths:3)
  An elephant (Depths:4)
  3 rust devils
  2 guardian serpents
  8 vault sentinels
  19 moths of wrath
  A sixfirhy (Abyss:4)
  A naga mage (Abyss:4)
  9 smoke demons
  4 torpor snails
  6 orange demons
  55 yaktaurs
  Psyche (Orc:4)
  2 black mambas
  3 centaur skeletons
  3 fire drakes
  5 kobold demonologists
  9 komodo dragons
  9 ancient zymes
  13 spiny frogs
  13 demonic crawlers
  3 hellwings
  7 freezing wraiths
  2 anaconda simulacra (IceCv)
  A queen bee (Spider:1)
  A wandering mushroom (Zot:5)
  3 wind drakes
  28 jumping spiders
  A merfolk (shapeshifter) (Depths:3)
  4 snapping turtles
  A polar bear (Lair:7)
  2 tengu conjurers
  2 efreet
  16 deep elf priests
  24 merfolk
  A wind drake (shapeshifter) (Depths:3)
  9 blue devils
  13 trolls
  A fire giant simulacrum (Vaults:3)
  A polar bear (shapeshifter) (Vaults:3)
  A frost giant simulacrum (Depths:3)
  9 ravens
  16 raiju
  19 two-headed ogres
  2 blink frogs (shapeshifter)
  A fire dragon zombie (Abyss:4)
  An ettin zombie (D:15)
  A spriggan zombie (Depths:5)
  14 blink frogs
  7 boulder beetles
  47 redbacks
  20 deep elf magi
  A shadow (D:12)
  A basilisk (shapeshifter) (Vaults:3)
  4 basilisks
  17 trapdoor spiders
  4 wraiths
  6 ynoxinuls
  27 water elementals
  14 slime creatures
  38 tarantellas
  8 air elementals
  A flying skull (Abyss:2)
  A trapdoor spider (shapeshifter) (Vaults:2)
  A dire elephant simulacrum (IceCv)
  A vampire (Abyss:4)
  17 yaks
  An elf zombie (D:14)
  12 hippogriffs
  16 deep elf fighters
  12 neqoxecs
  A hippogriff (shapeshifter) (Vaults:3)
  7 chaos spawn
  A hog (shapeshifter) (Vaults:4)
  3 hungry ghosts
  19 vampire mosquitoes
  A human (shapeshifter) (D:14)
  8 golden eyes (Abyss:4)
  3 wyverns
  3 nagas (Abyss:4)
  4 fire bats (Depths:3)
  22 wolves
  6 spatial vortices
  3 swamp worms (Lair:6)
  9 wargs
  14 water moccasins
  3 mottled dragons
  13 porcupines
  47 orc warriors
  2 eyes of draining
  3 swamp drakes (Lair:6)
  11 ice beasts
  11 wasps
  22 spiders
  2 phantoms
  A black bear (D:9)
  50 ogres
  6 sky beasts
  19 crocodiles
  An ettin simulacrum (IceCv)
  A boring beetle (shapeshifter) (Vaults:2)
  23 centaurs
  A brain worm (D:13)
  23 giant frogs
  A gnoll sergeant (D:12)
  An ogre simulacrum (Vaults:1)
  2 big kobolds
  A warg zombie (Orc:4)
  3 wights (D:9)
  7 jellies
  2 human simulacra (Vaults:3)
  An elf skeleton (Vaults:3)
  21 killer bees
  7 scorpions
  3 electric eels
  A wasp zombie (D:9)
  7 crimson imps
  18 starcursed masses
  2 giant frog zombies
  3 goliath beetles
  2 iron imps
  4 quasits
  11 hounds
  28 orc priests
  3 giant frog skeletons
  9 iguanas
  49 orc wizards
  2 hell rats (Elf:2)
  12 worker ants
  22 sheep
  A mummy (Orc:1)
  2 worker ant zombies
  4 gnolls (D:12)
  44 river rats
  2 shadow imps
  2 white imps
  21 adders
  A giant mite (D:3)
  A worm (shapeshifter) (Depths:2)
  9 ufetubi
  4 worms
  An adder zombie (D:9)
  6 giant geckos
  6 oozes
  219 orcs
  13 bats
  23 goblins
  21 hobgoblins
  11 jackals
  9 quokkas
  A ball python (D:3)
  5 giant cockroaches
  A giant gecko skeleton (D:9)
  2 giant newts
  A jackal skeleton (D:4)
  37 kobolds
  4 orc zombies (Orc:4)
  A quokka skeleton (D:7)
  6 rats
  5 ballistomycetes (D:8)
  A crawling corpse (Elf:2)
  4 fungi
  2 plants
  5 tentacles (Shoals:4)
2568 creatures vanquished.

Vanquished Creatures (collateral kills)
  An orb of fire (Zot:5)
  A Killer Klown (Zot:5)
  An electric golem (Zot:5)
  A tentacled monstrosity (Zot:5)
  3 Orb Guardians (Zot:5)
  A kraken (Shoals:4)
  A shadow dragon (Vaults:4)
  A storm dragon (Zot:5)
  A tengu reaver (Vaults:4)
  An ironheart preserver (Vaults:4)
  A grey draconian (Zot:3)
  2 purple draconians
  4 vault guards (D:13)
  A great orb of eyes (Vaults:4)
  2 yaktaur captains (Vaults:4)
  An ice dragon (Zot:5)
  An ogre mage (D:15)
  A merfolk aquamancer (Shoals:2)
  2 death yaks (Shoals:4)
  2 dancing weapons (Elf:2)
  2 tengu warriors (D:15)
  3 deep elf knights
  2 sun demons (Depths:1)
  A deep troll (Vaults:4)
  A hill giant (D:15)
  An orc knight (Vaults:4)
  4 orb spiders
  3 deep elf conjurers
  4 orc sorcerers
  An ironbrand convoker (Vaults:4)
  3 wolf spiders
  A water nymph (Shoals:2)
  A hornet (Spider:3)
  A manticore (Shoals:2)
  A small abomination (Vaults:4)
  A large abomination (Zot:5)
  A vault sentinel (Vaults:4)
  A moth of wrath (Spider:5)
  A gargoyle (D:15)
  An orange demon (Orc:4)
  A yaktaur (Vaults:4)
  A demonic crawler (Spider:5)
  A deep elf priest (Elf:2)
  A jumping spider (Spider:5)
  2 red devils
  3 merfolk (Shoals:2)
  A wandering mushroom (Zot:5)
  A hornet zombie (D:15)
  A two-headed ogre (D:15)
  2 snapping turtles (Shoals:2)
  4 tarantellas
  2 blink frogs (Lair:5)
  2 trapdoor spiders (Spider:3)
  5 water elementals
  3 deep elf magi (Elf:2)
  5 deep elf fighters
  A hippogriff (Shoals:2)
  A sky beast (D:15)
  An ice beast (Zot:5)
  3 orc warriors
  A spider (Spider:4)
  3 ogres (D:15)
  A centaur (Vaults:4)
  4 jellies (Lair:7)
  2 orc priests
  4 orc wizards
  A human zombie (Orc:4)
  An ooze (Lair:7)
  14 orcs
  A hobgoblin (Orc:1)
  A goblin zombie (Orc:4)
  2 orc zombies (Orc:4)
  A crawling corpse (Vaults:4)
140 creatures vanquished.

Vanquished Creatures (others)
  A golden dragon (Zot:4)
  A quicksilver dragon (Depths:4)
  A draconian caller (Zot:5)
  2 stone giants
  2 deep troll earth magi (Depths:4)
  An iron troll (Zot:5)
  3 hill giants
  4 deep trolls (Depths:4)
  2 orb spiders
  A large abomination (Abyss:3)
  A sixfirhy (D:1)
  A moth of wrath (Zot:5)
  4 drowned souls (Shoals:3)
  7 fire elementals (Zot:5)
  2 jumping spiders
  2 trolls
  A small abomination (Abyss:4)
  5 redbacks (Zot:5)
  2 tarantellas (Zot:5)
  An orc warrior (Elf:2)
  2 ogres
  A swamp drake (Zot:4)
  A quasit (Zot:3)
  An ufetubus (IceCv)
  4 orcs
  A giant spore (D:8)
  3 lurking horrors (Abyss:4)
  26 eldritch tentacle segments (Zot:5)
  A fungus (D:8)
  8 plants
  8 starspawn tentacles (Abyss:4)
  51 starspawn tentacle segments (Abyss:4)
  16 tentacles (Shoals:4)
  1025 tentacle segments (Shoals:4)
1192 creatures vanquished.

Grand Total: 3900 creatures vanquished

Notes
Turn   | Place    | Note
--------------------------------------------------------------
     0 | D:1      | SosiskaBagetyon, the Kobold Berserker, began the quest for the Orb.
     0 | D:1      | Reached XP level 1. HP: 14/14 MP: 1/1
    89 | D:1      | Reached XP level 2. HP: 19/19 MP: 2/2
   482 | D:1      | Reached XP level 3. HP: 12/24 MP: 3/3
   727 | D:1      | Acquired Trog's second power
   995 | D:1      | Reached skill level 5 in Short Blades
  1163 | D:2      | Reached XP level 4. HP: 17/29 MP: 4/4
  1698 | D:3      | Reached skill level 6 in Short Blades
  1873 | D:3      | Reached XP level 5. HP: 29/33 MP: 5/5
  2038 | D:3      | Noticed an ogre
  2045 | D:3      | Killed an ogre
  2045 | D:3      | Reached skill level 7 in Short Blades
  2045 | D:3      | Reached XP level 6. HP: 38/38 MP: 6/6
  2465 | D:3      | Reached skill level 8 in Short Blades
  2684 | D:4      | Found a sacrificial altar of Ru.
  2878 | D:4      | Found Sioptamaij's Armour Boutique.
  3051 | D:4      | Reached skill level 9 in Short Blades
  3105 | D:4      | Reached XP level 7. HP: 37/42 MP: 7/7
  3496 | D:5      | Entered Level 5 of the Dungeon
  3540 | D:5      | Reached skill level 10 in Short Blades
  3630 | D:5      | Found a sparkling altar of Nemelex Xobeh.
  3897 | D:5      | Found a staircase to the Ecumenical Temple.
  3905 | Temple   | Entered the Ecumenical Temple
  4249 | D:6      | Reached skill level 11 in Short Blades
  4249 | D:6      | Reached XP level 8. HP: 9/48 MP: 8/8
  4535 | D:6      | Noticed hornqvist's ghost (experienced NaBe)
  4550 | D:6      | Killed hornqvist's ghost
  4550 | D:6      | Reached skill level 13 in Short Blades
  4683 | D:6      | Reached XP level 9. HP: 47/52 MP: 9/9
  4861 | D:6      | Reached skill level 1 in Evocations
  5278 | D:7      | Reached skill level 5 in Dodging
  5423 | D:7      | Acquired Trog's third power
  5882 | D:7      | Gained mutation: Your flesh is heat resistant. [mutagenic meat]
  6072 | D:7      | Gained mutation: Your system is resistant to poisons. [mutagenic meat]
  6073 | D:7      | Gained mutation: You are partially covered in yellow scales (AC +2). [mutagenic meat]
  6074 | D:7      | Gained mutation: You are dopey. (Int -2) [mutagenic meat]
  6304 | D:8      | Reached XP level 10. HP: 56/56 MP: 18/18
  6394 | D:8      | Found a staircase to the Lair.
  6423 | D:8      | Reached skill level 5 in Evocations
  6820 | D:8      | Reached skill level 1 in Shields
  7085 | Lair:1   | Entered Level 1 of the Lair of Beasts
  7102 | Lair:1   | Noticed a spiny frog
  7115 | Lair:1   | Killed a spiny frog
  7394 | Lair:1   | Noticed a spiny frog
  7646 | Lair:1   | Killed a spiny frog
  7927 | Lair:1   | Received a gift from Trog
  8178 | Lair:1   | Reached skill level 10 in Dodging
  8391 | Lair:2   | Reached XP level 11. HP: 53/60 MP: 6/19
  8486 | Lair:2   | Found a labyrinth entrance.
  8487 | Lair:2   | Noticed a spiny frog
  8507 | Lair:2   | Killed a spiny frog
  8532 | Lab      | Entered a labyrinth
  8628 | Lab      | Noticed a minotaur
  8639 | Lab      | Killed a minotaur
  8639 | Lab      | Reached skill level 5 in Armour
  8689 | Lair:2   | Noticed Nergalle
  8692 | Lair:2   | Noticed a five-headed hydra
  8703 | Lair:2   | Killed Nergalle
  8709 | Lair:2   | Killed a five-headed hydra
  9124 | Lair:2   | Noticed a spiny frog
  9138 | Lair:2   | Killed a spiny frog
  9313 | Lair:2   | You fall through a shaft for 2 floors!
  9333 | Lair:4   | Reached XP level 12. HP: 63/66 MP: 6/20
  9362 | Lair:4   | Noticed a five-headed hydra
  9371 | Lair:4   | Killed a five-headed hydra
  9419 | Lair:4   | Reached skill level 5 in Shields
  9498 | Lair:4   | Found a staircase to the Shoals.
  9701 | Lair:4   | Received a gift from Trog
 10464 | Lair:3   | Received a gift from Trog
 10534 | Lair:3   | Reached skill level 14 in Dodging
 11379 | Lair:4   | Noticed a six-headed hydra
 11390 | Lair:4   | Killed a six-headed hydra
 11626 | Lair:4   | Reached XP level 13. HP: 70/70 MP: 7/21
 12184 | Lair:5   | Reached skill level 15 in Dodging
 12443 | Lair:5   | Received a gift from Trog
 12825 | Lair:6   | Found a hole to the Spider Nest.
 13745 | Lair:7   | Found a staircase to the Slime Pits.
 13857 | Lair:7   | Reached skill level 16 in Dodging
 14504 | Lair:7   | Gained mutation: You are partially covered in slimy green scales (AC +2). [potion of beneficial mutation]
 14505 | Lair:7   | Identified a scroll of acquirement
 14508 | Lair:7   | Got a smoking helmet
 14519 | Lair:7   | Identified the +0 helmet "Ofeanub" {Regen+ Str+4} (You acquired it on level 7 of the Lair of Beasts)
 15533 | Lair:2   | Reached XP level 14. HP: 75/75 MP: 7/22
 15602 | D:9      | Received a gift from Trog
 15653 | D:9      | Found a staircase to the Orcish Mines.
 16435 | D:9      | Noticed arnash's ghost (experienced HOFi)
 16453 | D:9      | Killed arnash's ghost
 16823 | Orc:1    | Entered Level 1 of the Orcish Mines
 16858 | Orc:1    | Reached skill level 17 in Dodging
 17050 | Orc:1    | Received a gift from Trog
 17416 | Orc:1    | Found a roughly hewn altar of Beogh.
 17614 | Orc:2    | Found Dawyulump's Weapon Emporium.
 17722 | Orc:2    | Received a gift from Trog
 17806 | Orc:2    | Found Uleus' Food Shoppe.
 17818 | Orc:2    | Bought a beef jerky for 18 gold pieces
 17818 | Orc:2    | Bought a beef jerky for 18 gold pieces
 17818 | Orc:2    | Bought a beef jerky for 18 gold pieces
 17820 | Orc:2    | Found Fiats' Weapon Shoppe.
 17821 | Orc:2    | Found Gridu's Armour Shop.
 17845 | Orc:2    | Bought the +4 scale mail of Fedhas' Condemnation {rPois rF- rN+ MR++ Str-4} for 388 gold pieces
 18033 | Orc:2    | Found a roughly hewn altar of Beogh.
 18148 | Orc:2    | Found Netogem's Food Shop.
 18154 | Orc:2    | Bought a meat ration for 65 gold pieces
 18154 | Orc:2    | Bought a meat ration for 65 gold pieces
 18154 | Orc:2    | Bought a meat ration for 65 gold pieces
 18166 | Orc:2    | Found a bloodstained altar of Trog.
 18298 | Orc:2    | Received a gift from Trog
 18553 | Orc:3    | Received a gift from Trog
 19283 | Orc:4    | Entered Level 4 of the Orcish Mines
 19285 | Orc:4    | Received a gift from Trog
 19287 | Orc:4    | Noticed Nessos
 19290 | Orc:4    | Noticed Saint Roka
 19322 | Orc:3    | Killed Nessos
 19612 | Orc:4    | Killed Saint Roka
 19790 | Orc:4    | Noticed Psyche
 19803 | Orc:4    | Killed Psyche
 19851 | Orc:4    | Reached skill level 18 in Dodging
 19920 | Orc:4    | Found Xaucig's Jewellery Shoppe.
 19920 | Orc:4    | Found Wacuaguo's Armour Boutique.
 20116 | Orc:4    | Found a roughly hewn altar of Beogh.
 20392 | Orc:4    | Found a staircase to the Elven Halls.
 20588 | Orc:4    | Found Zuoduu's Antique Armour Shoppe.
 20613 | Orc:4    | Reached XP level 15. HP: 79/79 MP: 7/23
 20616 | Orc:4    | Received a gift from Trog
 20626 | Orc:4    | Bought a spiked scale mail for 333 gold pieces
 20636 | Orc:4    | Identified the +1 scale mail "Puveaq" {+Fly rElec MR+ Slay+2 Stlth-} (You bought it in a shop on level 4 of the Orcish Mines)
 20641 | Orc:4    | Found Goaj's Antique Weapon Boutique.
 20682 | Orc:4    | Received a gift from Trog
 20706 | Orc:4    | Bought a crystal short sword for 176 gold pieces
 20710 | Orc:4    | Identified the +4 short sword of Juury {freeze, MR+} (You bought it in a shop on level 4 of the Orcish Mines)
 21010 | D:10     | Entered Level 10 of the Dungeon
 21730 | D:10     | Gained mutation: You have a pair of small horns on your head. [mutagenic meat]
 22088 | D:11     | Reached skill level 10 in Armour
 22232 | D:11     | Gained mutation: You are partially covered in thin metallic scales (AC +2). [mutagenic meat]
 23558 | D:12     | Found Muajadwe's Assorted Antiques.
 23563 | D:12     | Bought 2 potions of heal wounds for 380 gold pieces
 23740 | D:12     | Gained mutation: You are somewhat resistant to further mutation. [mutagenic meat]
 23741 | D:12     | Gained mutation: You are resistant to electric shocks. [mutagenic meat]
 24110 | D:13     | Found a gate to the Vaults.
 24123 | D:13     | Reached skill level 19 in Dodging
 24191 | D:13     | Received a gift from Trog
 24885 | D:13     | Lost intelligence.
 25470 | D:14     | Noticed Maud
 25506 | D:14     | Killed Maud
 25622 | D:14     | Got a flickering silver ring
 25624 | D:14     | Identified the ring of Jehimp {rPois MP+9} (You found it on level 14 of the Dungeon)
 25997 | D:14     | Noticed Roxanne
 26511 | D:14     | Reached skill level 10 in Shields
 26773 | D:15     | Entered Level 15 of the Dungeon
 26794 | D:14     | Received a gift from Trog
 26797 | D:14     | Got an encrusted short sword {god gift}
 26798 | D:14     | Identified the +8 short sword of Neurosis {pierce, Stlth+} (Trog gifted it to you on level 14 of the Dungeon)
 26854 | D:14     | Reached XP level 16. HP: 28/84 MP: 8/24
 27115 | D:15     | Found a staircase to the Depths.
 27148 | D:15     | Reached skill level 20 in Dodging
 27315 | D:15     | Gained mutation: You occasionally shout uncontrollably at your foes. [potion of mutation]
 27875 | Lair:1   | Noticed a spiny frog
 27882 | Lair:1   | Killed a spiny frog
 28001 | Shoals:1 | Entered Level 1 of the Shoals
 28812 | Shoals:1 | Received a gift from Trog
 29166 | Shoals:2 | Reached skill level 5 in Fighting
 29265 | Shoals:2 | Found a frozen archway.
 29287 | IceCv    | Entered an ice cave
 29568 | IceCv    | Noticed SaintRoka's ghost (powerful VSMo)
 29765 | IceCv    | Killed SaintRoka's ghost
 30037 | IceCv    | HP: 6/154 [ettin simulacrum (13)]
 30512 | Shoals:2 | Got a translucent pewter ring
 30533 | Shoals:2 | Identified the ring "Clius" {rC+ Dex+3 Stlth-} (You found it on level 2 of the Shoals)
 30693 | Shoals:3 | Found Cruuc's Antique Weapon Shop.
 30863 | Shoals:3 | Reached skill level 21 in Dodging
 30973 | Shoals:3 | Reached XP level 17. HP: 66/93 MP: 25/25
 31542 | Shoals:4 | Noticed Polyphemus
 31711 | Shoals:4 | Received a gift from Trog
 31731 | Shoals:4 | Noticed Norris
 31755 | Shoals:4 | Killed Norris
 32007 | Shoals:4 | Killed Polyphemus
 32310 | Shoals:4 | Noticed Jorgrun
 32333 | Shoals:4 | Killed Jorgrun
 32685 | Shoals:5 | Entered Level 5 of the Shoals
 33032 | Shoals:5 | Reached skill level 22 in Dodging
 33032 | Shoals:5 | Reached XP level 18. HP: 103/103 MP: 26/26
 33094 | Shoals:5 | Noticed Ilsuiw
 33214 | Shoals:5 | Killed Ilsuiw
 33225 | Shoals:5 | Received a gift from Trog
 33234 | Shoals:5 | Got a barnacled rune of Zot
 33724 | Spider:1 | Entered Level 1 of the Spider Nest
 35220 | Spider:2 | Reached skill level 15 in Short Blades
 35586 | Spider:3 | Received a gift from Trog
 36884 | Spider:4 | Noticed Frances
 36900 | Spider:4 | Killed Frances
 37315 | Spider:4 | Reached XP level 19. HP: 112/112 MP: 27/27
 37539 | Spider:5 | Entered Level 5 of the Spider Nest
 37544 | Spider:5 | Noticed Louise
 37723 | Spider:5 | Killed Louise
 38199 | Spider:5 | Reached skill level 10 in Fighting
 38275 | Spider:5 | Received a gift from Trog
 38385 | Spider:5 | Noticed Arachne
 38456 | Spider:5 | Killed Arachne
 39551 | Spider:5 | Reached skill level 23 in Dodging
 39662 | Spider:5 | Got a gossamer rune of Zot
 40253 | Elf:1    | Entered Level 1 of the Elven Halls
 40509 | Elf:1    | Noticed Fannar
 40541 | Elf:1    | Killed Fannar
 40552 | Elf:1    | Found Neafaoqa's Assorted Antiques.
 40567 | Elf:1    | Bought a potion of curing for 75 gold pieces
 40753 | Elf:1    | Received a gift from Trog
 41412 | Elf:2    | Found a runed gate.
 41430 | Elf:2    | Found a runed gate.
 41430 | Elf:2    | Found a runed gate.
 41763 | Elf:2    | Reached XP level 20. HP: 106/120 MP: 30/30
 42148 | Elf:2    | Received a gift from Trog
 42678 | Elf:2    | Found Croenkoh's Antique Weapon Emporium.
 42956 | Elf:3    | Entered Level 3 of the Elven Halls
 43076 | Elf:3    | Received a gift from Trog
 43081 | Elf:3    | Got a shimmering hand axe {god gift}
 43818 | Vaults:1 | Entered Level 1 of the Vaults
 44472 | Vaults:1 | Received a gift from Trog
 45733 | Vaults:1 | Received a gift from Trog
 45922 | Vaults:1 | Got a spiked hat
 45933 | Vaults:1 | Identified the +1 hat of Enur {rElec rC+ Int+5 Dex-4} (You found it on level 1 of the Vaults)
 46060 | Vaults:2 | Reached XP level 21. HP: 129/129 MP: 32/32
 46672 | Vaults:2 | Received a gift from Trog
 46837 | Vaults:2 | Found a staircase to the Crypt.
 46837 | Vaults:2 | Found a basalt altar of Yredelemnul.
 46839 | Vaults:2 | Found an ancient bone altar of Kikubaaqudgha.
 47171 | Vaults:2 | Found Ulicw's Distillery.
 47225 | Vaults:2 | Bought a potion of curing for 66 gold pieces
 47225 | Vaults:2 | Bought a potion of curing for 66 gold pieces
 47622 | Vaults:2 | Received a gift from Trog
 47839 | Vaults:3 | Reached skill level 10 in Evocations
 47915 | Vaults:3 | Received a gift from Trog
 48415 | Vaults:3 | Got a brightly glowing plate armour
 48426 | Vaults:3 | Identified the +6 plate armour "Ysuff" {+Fly Regen+ rCorr Dex+4} (You found it on level 3 of the Vaults)
 48501 | Vaults:3 | Received a gift from Trog
 49240 | Vaults:3 | Reached XP level 22. HP: 138/138 MP: 33/33
 49948 | Vaults:4 | Reached skill level 15 in Fighting
 50150 | Vaults:4 | Received a gift from Trog
 50207 | Vaults:4 | Found Irome's Assorted Antiques.
 50218 | Vaults:4 | Bought an encrusted ivory ring for 195 gold pieces
 50782 | Orc:4    | Bought a +4 ring of slaying for 1092 gold pieces
 51640 | Vaults:4 | Received a gift from Trog
 52613 | Depths:1 | Entered Level 1 of the Depths
 52796 | Depths:1 | Identified a +0 rod of the swarm (14/14) (You found it on level 1 of the Depths)
 52968 | Depths:1 | Got a slimy triple crossbow
 53166 | Depths:1 | Found a gateway to Hell.
 53427 | Depths:2 | Noticed Wiglaf
 53427 | Depths:2 | Noticed Agnes
 53468 | Depths:2 | Killed Wiglaf
 53486 | Depths:2 | Killed Agnes
 53613 | Depths:2 | Received a gift from Trog
 53651 | Depths:2 | Reached XP level 23. HP: 147/147 MP: 35/35
 53683 | Depths:2 | Found a glowing silver altar of Zin.
 53684 | Depths:2 | Found a bloodstained altar of Trog.
 53684 | Depths:2 | Found a shimmering altar of Xom.
 53945 | Depths:2 | Received a gift from Trog
 53948 | Depths:2 | Got a brightly glowing double sword {god gift}
 53954 | Depths:2 | Identified the +5 double sword of Scorn {freeze, MR+ Str+5 Int+3} (Trog gifted it to you on level 2 of the Depths)
 54012 | Depths:2 | Noticed a caustic shrike
 54043 | Depths:2 | Killed a caustic shrike
 54276 | Depths:2 | Noticed a caustic shrike
 54326 | Depths:2 | Killed a caustic shrike
 54387 | Depths:2 | Got a heavily runed plate armour
 54398 | Depths:2 | Identified the +2 plate armour of Befihoehi {rF+ Int+4} (You found it on level 2 of the Depths)
 54944 | Depths:2 | Received a gift from Trog
 55047 | Depths:2 | Found a gateway to a ziggurat.
 55049 | Depths:2 | Found a one-way gate leading to the halls of Pandemonium.
 55522 | Depths:2 | Reached XP level 24. HP: 156/156 MP: 37/37
 55738 | Depths:3 | Found a one-way gate to the infinite horrors of the Abyss.
 55799 | Depths:3 | Voluntarily entered the Abyss.
 55893 | Abyss:2  | Found a corrupted altar of Lugonu.
 56360 | Abyss:3  | Received a gift from Trog
 56360 | Abyss:3  | Reached skill level 15 in Armour
 56782 | Abyss:3  | Found a viscous altar of Jiyva.
 57386 | Abyss:4  | Found a corrupted altar of Lugonu.
 57869 | Abyss:4  | Received a gift from Trog
 58169 | Abyss:4  | Found an iron altar of Okawaru.
 58599 | Abyss:4  | Reached XP level 25. HP: 164/164 MP: 35/38
 58854 | Abyss:4  | Gained mutation: You tend to lose your temper in combat. [a neqoxec]
 58902 | Abyss:4  | Found a corrupted altar of Lugonu.
 58908 | Abyss:4  | Reached skill level 15 in Evocations
 58926 | Abyss:4  | Got an abyssal rune of Zot
 59050 | Abyss:4  | Found a corrupted altar of Lugonu.
 59139 | Depths:3 | Escaped the Abyss
 59469 | Depths:3 | Received a gift from Trog
 60105 | Depths:3 | Noticed Boris
 60140 | Depths:3 | Killed Boris
 60320 | Depths:4 | Gained mutation: Your magical capacity is low (-10% MP). [a cacodemon]
 60526 | Depths:4 | Received a gift from Trog
 61063 | Depths:4 | Paralysed by a sphinx for 2 turns
 61078 | Depths:4 | Reached skill level 15 in Shields
 61113 | Depths:4 | Reached XP level 26. HP: 167/173 MP: 33/35
 61328 | Depths:4 | Received a gift from Trog
 61790 | Depths:5 | Entered Level 5 of the Depths
 62077 | Depths:5 | Found a gate to the Realm of Zot.
 62440 | Depths:5 | Found a shadowy altar of Dithmenos.
 63037 | Depths:5 | Received a gift from Trog
 63101 | Zot:1    | Entered Level 1 of the Realm of Zot
 63508 | Zot:2    | Noticed an orb of fire
 63542 | Zot:2    | Gained mutation: Armour fits poorly on your strangely shaped body. [an orb of fire]
 63554 | Zot:2    | Killed an orb of fire
 64131 | Zot:2    | Reached XP level 27. HP: 180/180 MP: 36/36
 65020 | Zot:3    | Received a gift from Trog
 65307 | Zot:3    | Noticed an orb of fire
 65330 | Zot:3    | Killed an orb of fire
 67028 | Zot:4    | Received a gift from Trog
 67461 | Zot:4    | Found an ancient bone altar of Kikubaaqudgha.
 67466 | Zot:4    | Found a stormy altar of Qazlal.
 67496 | Zot:4    | Found a stormy altar of Qazlal.
 67542 | Zot:5    | Entered Level 5 of the Realm of Zot
 67913 | Zot:5    | Noticed an ancient lich
 67941 | Zot:5    | Killed an ancient lich
 68025 | Zot:5    | Noticed an orb of fire
 68054 | Zot:5    | Killed an orb of fire
 68065 | Zot:5    | Noticed an ancient lich
 68073 | Zot:5    | Noticed an orb of fire
 68082 | Zot:5    | Killed an ancient lich
 68099 | Zot:5    | Killed an orb of fire
 68190 | Zot:5    | Noticed an ancient lich
 68193 | Zot:5    | Noticed an orb of fire
 68203 | Zot:5    | Killed an ancient lich
 68217 | Zot:5    | Killed an orb of fire
 68292 | Zot:5    | Noticed an orb of fire
 68312 | Zot:5    | Killed an orb of fire
 68375 | Zot:5    | Noticed an ancient lich
 68378 | Zot:5    | Got the Orb of Zot
 68380 | Zot:5    | Noticed an ancient lich
 68384 | Zot:5    | Noticed an ancient lich
 68388 | Zot:5    | Noticed an ancient lich
 68424 | Zot:4    | Noticed Paischea the pandemonium lord
 68763 | D:10     | Received a gift from Trog
 68993 | D:1      | Noticed Bemigeat the pandemonium lord
 69015 | D:$      | Escaped with the Orb!

Action                   |  1- 3 |  4- 6 |  7- 9 | 10-12 | 13-15 | 16-18 | 19-21 | 22-24 | 25-27 || total
-------------------------+-------+-------+-------+-------+-------+-------+-------+-------+-------++-------
Melee: Short sword       |   122 |   275 |   639 |   365 |   472 |       |       |       |       ||  1873
       Rapier            |       |       |       |   445 |       |       |       |       |       ||   445
       Quick blade       |       |       |       |   520 |  2391 |  3039 |  4495 |  3524 |  3826 || 17795
Invok: Berserk           |     2 |     2 |     6 |    13 |    19 |    13 |     8 |     2 |     1 ||    66
       Trog's Hand       |     1 |       |     1 |     1 |     5 |     8 |     6 |       |     8 ||    30
       Burn Spellbooks   |       |       |       |     1 |     1 |     3 |     2 |     4 |     4 ||    15
       Brothers in Arms  |       |       |       |       |     8 |     7 |     6 |     3 |    10 ||    34
 Abil: Evoke Flight      |       |       |       |       |       |       |       |       |     3 ||     3
Evoke: Wand              |       |       |       |       |       |    11 |     2 |     2 |    13 ||    28
       Deck              |       |       |       |       |       |       |       |       |     7 ||     7
       Lamp of fire      |       |       |       |       |       |       |       |       |     5 ||     5
       Sack of spiders   |       |       |       |       |       |       |       |       |     4 ||     4
  Use: Scroll            |       |     1 |     8 |       |    23 |    14 |     3 |     5 |    20 ||    74
       Potion            |       |       |       |       |    11 |    13 |     3 |     1 |    12 ||    40
 Stab: Sleeping          |     1 |     1 |       |       |       |       |       |       |       ||     2
       Confused          |       |       |       |       |     1 |       |       |       |     1 ||     2
       Invisible         |       |       |       |       |     1 |       |       |       |       ||     1
       Petrifying        |       |       |       |       |       |     3 |       |       |       ||     3
       Paralysed         |       |       |       |       |       |       |     1 |     1 |       ||     2
       Distracted        |       |       |       |       |       |       |       |     1 |     7 ||     8
       Held in net/web   |       |       |       |       |       |       |       |       |     1 ||     1
  Eat: Chunk             |     2 |    18 |    19 |    39 |    80 |    53 |    54 |    40 |    36 ||   341
       Meat ration       |       |       |       |       |       |     2 |       |       |     3 ||     5
       Beef jerky        |       |       |       |       |       |     1 |       |       |       ||     1
       Pizza             |       |       |       |       |       |       |     1 |       |       ||     1
